 Dungeon Crawl Stone Soup version 0.27.1-34-g3ba077fa99 (webtiles) character file.

Game seed: 17512611045486644800

60 lonewolfV2 the Chopper (level 3, -4/27 HPs)
             Began as a Demonspawn Gladiator on Jan 5, 2022.
             Slain by a kobold (5 damage)
             ... on level 2 of the Dungeon.
             The game lasted 00:03:21 (1929 turns).

lonewolfV2 the Chopper (Demonspawn Gladiator)       Turns: 1929, Time: 00:03:22

Health: -4/27      AC:  3    Str: 15    XL:     3   Next: 82%
Magic:  3/3        EV: 12    Int:  9    God:
Gold:   1089       SH:  0    Dex: 14    Spells: 2/2 levels left

rFire    . . .     SeeInvis .   e - +1 short sword (flame)
rCold    . . .     Faith    .   (no shield)
rNeg     . . .     Spirit   .   b - +0 leather armour
rPois    .         Reflect  .   (helmet restricted)
rElec    .         Harm     .   (no cloak)
rCorr    .         Rampage  .   (no gloves)
Will     .....                  (no boots)
Stlth    +.........             (no amulet)
HPRegen  0.09/turn              (no ring)
MPRegen  0.08/turn              (no ring)

@: no status effects
A: horns 1
a: no special abilities


You were on level 2 of the Dungeon.
You visited 1 branch of the dungeon, and saw 2 of its levels.

You collected 1089 gold pieces.

Inventory:

Hand Weapons
 a - a +0 war axe
 e - a +1 short sword of flaming (weapon)
Missiles
 d - 3 throwing nets (quivered)
Armour
 b - a +0 leather armour (worn)
 c - a +0 helmet
Potions
 f - a potion of berserk rage
 k - a potion of curing


   Skills:
 + Level 2.3 Fighting
 + Level 3.5 Axes
 + Level 1.9 Throwing
 + Level 0.8 Armour
 + Level 3.0 Dodging
 + Level 0.6 Stealth


You had 2 spell levels left.
You didn't know any spells.
Your spell library contained the following spells:

 Spells                   Type           Power      Damage    Failure   Level
 Sticky Flame             Conj/Fire      0%         2d3       99%         4
 Irradiate                Conj/Tmut      0%         3d13      100%        5
 Conjure Ball Lightning   Conj/Air       0%         3x3d6     100%        6


Dungeon Overview and Level Annotations

Branches:
Dungeon (2/15)

Altars:


Innate Abilities, Weirdness & Mutations

You have a pair of small horns on your head.


Message History

A rat comes into view.
A rat is nearby!
You hit the rat but do no damage. Your headbutt misses the rat.
The rat bites you but does no damage.
You hit the rat. You burn the rat. You headbutt the rat.
You kill the rat!
A worm and a kobold come into view.
There are monsters nearby!
Found 10 gold pieces and 24 sling bullets.
Found an escape hatch in the floor.
You hit the worm. You burn the worm.
The worm is moderately wounded.
The worm closely misses you.
You barely miss the worm. You headbutt the worm.
The worm is heavily wounded.
The kobold hits you but does no damage. The worm bites you!
You hit the worm but do no damage.
The worm is heavily wounded.
The kobold hits you but does no damage.
You hit the worm but do no damage.
The worm is heavily wounded.
The worm bites you but does no damage.
The kobold hits you with a +0 short sword.
You hit the worm. You burn the worm.
The worm is heavily wounded.
The kobold hits you with a +0 short sword.
The worm bites you.
* * * LOW HITPOINT WARNING * * *
You hit the worm. You burn the worm.
The worm is almost dead.
The kobold hits you but does no damage. The worm barely misses you.
You hit the worm. You burn the worm.
You kill the worm!
The kobold hits you with a +0 short sword.
* * * LOW HITPOINT WARNING * * *
You hit the kobold but do no damage.
The kobold hits you with a +0 short sword.
* * * LOW HITPOINT WARNING * * *
The kobold hits you with a +0 short sword.
You die...

******,....,,*********
*.......##......##
*##.......#........##
##...................#
###...................(#
#.†...#*****#..........#
..##### #..........#
.############..........#
................@.....#*
##############..K.....#*
#..........#
#.........$#
#..........#
#.........>#
#..........#
##^.......## **,,,,,,**


You could see a kobold.

Vanquished Creatures
  2 adders (D:2)
  2 worms (D:2)
  An endoplasm (D:2)
  2 giant cockroaches
  5 goblins
  4 hobgoblins
  3 quokkas (D:1)
  5 ball pythons
  3 bats (D:2)
  2 frilled lizards
  4 kobolds (D:1)
  3 rats
36 creatures vanquished.

Notes
Turn   | Place    | Note
-------+----------+-------------------------------------------
     0 | D:1      | lonewolfV2 the Demonspawn Gladiator began the quest for the
                  | Orb.
     0 | D:1      | Reached XP level 1. HP: 16/16 MP: 1/1
   578 | D:1      | Gained mutation: You have a pair of small horns on your
                  | head. [demonic ancestry]
   578 | D:1      | Reached XP level 2. HP: 22/22 MP: 2/2
   657 | D:1      | Found a faded altar of an unknown god.
  1338 | D:2      | Reached XP level 3. HP: 9/27 MP: 3/3
  1557 | D:2      | Got the Almanac of Confrontation
  1892 | D:2      | Identified 2 scrolls of acquirement
  1892 | D:2      | Acquired 1060 gold pieces
  1896 | D:2      | Acquired a +1 short sword of flaming
  1929 | D:2      | HP: 1/27 [kobold (3)]
  1929 | D:2      | Slain by a kobold

Illustrated notes

Levels and vault maps discovered:
D:1:      nicolae_arrival_washed_ashore, layout_basic,
          shapermc_ecumenical_altar_flowoftime, serial_forest,
          infiniplex_forest_lined_3_way, infiniplex_forest_straight_1,
          infiniplex_forest_lined_3, infiniplex_forest_split,
          infiniplex_forest_straight_3, infiniplex_forest_lined_corner,
          infiniplex_forest_lined_3, infiniplex_forest_clump_double,
          infiniplex_forest_straight_5, kennysheep_another_room
D:2:      layout_rooms, grunt_decor_resistance, eino_tiny_chamber,
          nrook_mini_backslash

Skill      XL: |  1  2 |
---------------+-------+-----
Axes           | 3 |  3.5
Dodging        | 3 |  3.0
Fighting       | |  2.3
Throwing       | |  1.9
Armour         | |  0.8
Stealth        | |  0.6

Action                   || total
-------------------------++-------
Melee: War axe           ||    77
       Headbutt          ||    13
       Short sword       ||    10
  Use: Scroll            ||     9
Armor: Leather armour    ||    41
Dodge: Dodged            ||    77
